 Dungeon Sprint DCSS version 0.28-a0-1356-g2ad6d04315 (webtiles) character file.

Game seed: 11720902132706369278

466126 mhtbhm the Human Porcupine (level 22, -17/212 HPs)
             Began as a Human Berserker on Dec 30, 2021.
             Was the Champion of Trog.
             Killed from afar by a hellion (23 damage)
             ... with damnation
             ... summoned by Asmodeus
             ... in the Dungeon (Sprint IX: "|||||||||||||||||||||||||||||").
             The game lasted 00:35:14 (10473 turns).

mhtbhm the Human Porcupine (Human Berserker)       Turns: 10473, Time: 00:35:15

Health: -17/212    AC: 41    Str: 32    XL:     22   Next: 5%
Magic:  22/22      EV: 17    Int:  9    God:    Trog [******]
Gold:   194        SH: 22    Dex: 12    Spells: 21/21 levels left

rFire   + + .      SeeInvis .   u - +9 eudemon blade (holy)
rCold   + + .      Faith    .   w - +0 kite shield {reflect}
rNeg    . . .      Spirit   .   b - +8 gold dragon scales
rPois   +          Reflect  +   O - +2 helmet
rElec   .          Harm     .   v - +0 cloak
rCorr   .          Rampage  +   t - +2 pair of gloves "Ruroru" {Fly Regen+ Dex-2 Stlth-}
Will    +....      NoTele   +   A - +0 pair of boots {rampage}
Stlth   +.........              z - amulet "Osan Kyo" {Reflect rPois rF+ rC+ SH+5}
HPRegen 1.25/turn               I - +3 ring of slaying
MPRegen 0.18/turn               J - +6 ring of strength

@: flying, hasted, very quick
A: deformed body
}: 9/17 runes: decaying, serpentine, barnacled, slimy, elven, silver, golden,
abyssal, gossamer
a: Renounce Religion, Berserk, Trog's Hand, Brothers in Arms


You were in the Dungeon.
You worshipped Trog.
Trog was exalted by your worship.
You visited 1 branch You collected 2017 gold pieces.
You spent 1823 gold pieces at shops.

Inventory:

Hand Weapons
 a - the +8 glaive of the Guard {elec, spectral, AC+5}
   (Trog gifted it to you in the Dungeon)

   It occasionally discharges a powerful burst of electricity upon striking a
   foe.
   When it strikes, its spirit leaps out and fights alongside the wielder.
   AC:        It affects your AC (+5).
 n - the +11 demon trident "Rudghent" {vorpal, rCorr Str+4}
   (Trog gifted it to you in the Dungeon)

   It inflicts extra damage upon your enemies.
   Str:       It affects your strength (+4).
   rCorr:     It protects you from acid and corrosion.
 q - the +5 scythe "Finisher" {speed, eviscerate}
   (Trog gifted it to you in the Dungeon)

   Attacks with this weapon are significantly faster.
   It may eviscerate those it strikes, slaying them instantly, with a decreasing
   chance against stronger foes.
 u - a +9 eudemon blade of holy wrath (weapon)
Missiles
 x - 4 javelins (quivered)
Armour
 b - +8 gold dragon scales (worn)
 d - a +3 tower shield
 t - the +2 pair of gloves "Ruroru" (worn) {Fly Regen+ Dex-2 Stlth-}
   (You acquired it in the Dungeon)

   Dex:       It affects your dexterity (-2).
   Fly:       It grants you flight.
   Regen:     It increases your rate of health regeneration.
   Stlth:     It makes you less stealthy.
 v - a +0 cloak (worn)
 w - a +0 kite shield of reflection (worn)
 A - a +0 pair of boots of rampaging (worn)
 O - a +2 helmet (worn)
Jewellery
 z - the amulet "Osan Kyo" (around neck) {Reflect rPois rF+ rC+ SH+5}
   (You found it in the Dungeon)

   [amulet of reflection]

   It reflects blocked missile attacks.
   rF:        It protects you from fire.
   rC:        It protects you from cold.
   rPois:     It protects you from poison.
   SH:        It affects your SH (+5).
 H - a ring of resist corrosion
 I - a +3 ring of slaying (left hand)
 J - a +6 ring of strength (right hand)
 N - the ring "Yxeduc" {Fly SInv Stlth+}
   (You found it in the Dungeon)

   [ring of flight]

   SInv:      It lets you see invisible.
   Fly:       It grants you flight.
   Stlth:     It makes you more stealthy.
Wands
 j - a wand of iceblast (8)
 m - a wand of charming (10)
Scrolls
 h - 3 scrolls of blinking
 i - 2 scrolls of fear
 p - 2 scrolls of enchant weapon
 s - 6 scrolls of fog
 B - a scroll of immolation
 C - a scroll of magic mapping {unknown}
Potions
 c - 6 potions of curing
 e - 6 potions of haste
 f - 9 potions of magic
 g - 6 potions of berserk rage
 o - 2 potions of resistance
 r - 4 potions of heal wounds
 F - a potion of cancellation
 K - a potion of might
 P - a potion of lignification {unknown}
Miscellaneous
 k - the horn of Geryon


   Skills:
 O Level 27 Fighting
 * Level 26.5 Long Blades
 O Level 27 Polearms
 O Level 27 Throwing
 O Level 27 Armour
 O Level 27 Dodging
 O Level 27 Stealth
 O Level 27 Shields
 + Level 19.2 Evocations


You had 21 spell levels left.
You didn't know any spells.
Your spell library was empty.

Dungeon Overview and Level Annotations

Branches:
Dungeon (1/1)

Altars:
Cheibriados
Dithmenos
Elyvilon
Fedhas
Gozag
Hepliaklqana
Kikubaaqudgha
Makhleb
Nemelex Xobeh
Okawaru
Qazlal
Ru
Sif Muna
Trog
Uskayaw
Vehumet
Wu Jian
Xom
Yredelemnul
Zin
The Shining One
Beogh
Jiyva
Lugonu

Shops:
D [[[?

Annotations:
D Asmodeus, Gloorx Vloq


Innate Abilities, Weirdness & Mutations

Armour fits poorly on your strangely shaped body.


Message History

The tentacled monstrosity barely misses you.
You feel much better.
Mnoleg gestures.
The tentacled monstrosity tentacle-slaps you.
You block the tentacled monstrosity's attack.
The tentacled monstrosity completely misses you.
The tentacled monstrosity grabs you.
The tentacled monstrosity constricts you.
You barely miss Mnoleg.
Mnoleg is almost dead.
Mnoleg gestures.
Unknown command.
You chop Mnoleg into pieces!!!
You kill Mnoleg!
Trog accepts your kill.
The large abomination disappears in a puff of smoke! x2
The tentacled monstrosity disappears in a puff of smoke!
The tentacled monstrosity loses its grip on you.
The tentacled monstrosity disappears in a puff of smoke!
The large abomination disappears in a puff of smoke!
Your Long Blades skill increases to level 26!
You have reached level 22!
You feel yourself speed up.
Gloorx Vloq is engulfed in blazing flames.
Gloorx Vloq gestures.
Gloorx Vloq is engulfed in blazing flames.
Gloorx Vloq calls on the powers of darkness!
Your body is wracked with pain!
* * * LOW HITPOINT WARNING * * *
Gloorx Vloq is engulfed in blazing flames.
Asmodeus shouts, "I will feast on thy heart!"
Gloorx Vloq is engulfed in blazing flames.
Asmodeus gestures.
The Executioner is engulfed in blazing flames. x2
The hellion gestures at you.
The sphere of damnation explodes!
The damnation engulfs you!!!
* * * LOW HITPOINT WARNING * * *
The hellion gestures at you.
The sphere of damnation explodes!
The damnation engulfs you!!
You die...

.▓.▓.▓.▓.▓.▓'▓.▓&▓
.▓.▓.▓.▓)▓.▓)▓.▓2▓
.▓.▓.▓.▓)▓.▓.▓.▓.▓
)▓.▓.▓.▓)▓.▓.▓.▓2▓
)▓.▓)▓.▓)▓.▓.▓.▓.▓
)▓.▓.▓.▓)▓.▓.▓.▓.▓
)▓.▓'▓.▓)▓.▓.▓.▓.▓
.▓.▓[▓.▓)▓.▓.▓.▓.▓
.▓.▓'▓.▓)▓.▓.▓.▓@▓
)▓.▓)▓.▓)▓.▓.▓.▓.▓
)▓.▓'▓.▓.▓.▓'▓.▓.▓
)▓.▓.▓.▓)▓.▓)▓.▓.▓
.▓.▓.▓.▓)▓.▓.▓.▓.▓
)▓.▓.▓.♣)♣.▓.▓.▓.▓
.▓.▓.▓.♣.♣.▓.▓.▓.▓
.▓.▓.▓.♣.♣.▓.▓.▓.▓
.▓.▓.▓.♣.♣.▓.▓.▓.▓


You could see 2 hellions.

Vanquished Creatures
  the Royal Jelly (D)
  Mnoleg (D)
  Mara (D)
  6 ancient liches (D)
  4 orbs of fire (D)
  Mennas (D)
  Boris (D)
  5 royal mummies (D)
  Sojobo (D)
  Margery (D)
  Xtahua (D)
  Geryon (D)
  3 golden dragons (D)
  Jory (D)
  A bone dragon (D)
  2 electric golems (D)
  Rupert (D)
  28 Orb Guardians (D)
  7 tentacled monstrosities (D)
  4 liches (D)
  A deep elf blademaster (D)
  8 acid blobs (D)
  4 quicksilver dragons (D)
  A death cob (D)
  12 sphinxes (D)
  3 tengu reavers (D)
  6 shadow dragons (D)
  Agnes (D)
  Donald (D)
  8 nagarajas (D)
  A storm dragon (D)
  Ilsuiw (D)
  4 azure jellies (D)
  An emperor scorpion (D)
  2 fire giants (D)
  5 ghost moths (D)
  2 draconian monks (D)
  3 deep elf sorcerers (D)
  A frost giant (D)
  5 rockslimes (D)
  2 vault wardens (D)
  2 draconian scorchers (D)
  Aizul (D)
  5 draconian stormcallers (D)
  3 draconian shifters (D)
  A broodmother (D)
  An ironbound thunderhulk (D)
  2 quicksilver oozes (D)
  5 stone giants (D)
  4 ironbound preservers (D)
  6 very ugly things (D)
  2 draconian annihilators (D)
  2 eleionomae (D)
  6 vampire knights (D)
  Azrael (D)
  A black draconian (D)
  3 deep elf annihilators (D)
  A white draconian (D)
  2 deep elf demonologists (D)
  3 green draconians (D)
  3 yellow draconians (D)
  3 red draconians (D)
  2 deep elf death magi (D)
  2 merfolk javelineers (D)
  6 mummy priests (D)
  6 merfolk impalers (D)
  7 fire dragons (D)
  Josephine (D)
  5 yaktaur captains (D)
  2 great orbs of eyes (D)
  6 ice dragons (D)
  A naga warrior (D)
  4 deep elf high priests (D)
  A ghost crab (D)
  25 vault guards (D)
  9 hydras (D)
  A merfolk avatar (D)
  Erica (D)
  A spriggan air mage (D)
  Erolcha (D)
  2 alligators (D)
  A death knight (D)
  An ironbound frostheart (D)
  An anaconda (D)
  3 merfolk aquamancers (D)
  2 tengu warriors (D)
  A deep troll earth mage (D)
  2 spriggan berserkers (D)
  A vampire mage (D)
  A thrashing horror (D)
  2 deep troll shamans (D)
  A naga sharpshooter (D)
  Urug (D)
  3 hell knights (D)
  Nergalle (D)
  2 steelbarb worms (D)
  4 swamp dragons (D)
  An orb spider (D)
  A glowing orange brain (D)
  2 sea snakes (D)
  A lindwurm (D)
  A deep elf pyromancer (D)
  A naga ritualist (D)
  5 ironbound convokers (D)
  A harpy (D)
  2 phantasmal warriors (D)
  2 necromancers (D)
  3 wizards (D)
  2 manticores (D)
  5 orc knights (D)
  An ugly thing (D)
  2 wolf spiders (D)
  A will-o-the-wisp (D)
  2 cyclopes (D)
  A faun (shapeshifter) (D)
  5 orc sorcerers (D)
  A worldbinder (D)
  10 moths of wrath (D)
  6 vault sentinels (D)
  A guardian serpent (D)
  A naga mage (D)
  4 black mambas (D)
  4 komodo dragons (D)
  2 efreet (D)
  An unseen horror (D)
  17 guardian mummies (D)
  Psyche (D)
  An ancient zyme (D)
  A yaktaur (D)
  A tengu conjurer (D)
  4 merfolk (D)
  3 polar bears (D)
  A wandering mushroom (D)
  3 meliai (D)
  A troll (D)
  A wind drake (D)
  A slime creature (D)
  2 blink frogs (D)
  3 jumping spiders (D)
  4 yaks (D)
  11 spriggans (D)
  3 wraiths (D)
  A fire bat (D)
  2 fire elementals (D)
  2 golden eyes (D)
  A chaos spawn (D)
  Eustachio (D)
  2 redbacks (D)
  3 small abominations (D)
  A large abomination (D)
  2 acid dragons (D)
  3 nagas (D)
  4 water moccasins (D)
  4 hell hounds (D)
  4 floating eyes (D)
  6 orc warriors (D)
  6 black bears (D)
  A centaur (D)
  2 bullfrogs (D)
  A scorpion (D)
  A howler monkey (D)
  A hound (D)
  4 orc priests (D)
  10 orc wizards (D)
  A white imp (D)
  8 orcs (D)
  A bat zombie (D)
  An endoplasm (D)
  2 bats (D)
  A frilled lizard (D)
  A kobold (D)
  A quokka zombie (D)
515 creatures vanquished.

Vanquished Creatures (collateral kills)
  2 nagarajas (D)
  An emperor scorpion (D)
  A vault warden (D)
  An orc knight (D)
  2 cane toads (D)
  A komodo dragon (D)
  A water moccasin (D)
  An orc warrior (D)
  An orc wizard (D)
  An orc (D)
12 creatures vanquished.

Vanquished Creatures (others)
  An ancient lich (D)
  A ghost moth (D)
  3 goliath frogs (D)
  A foxfire (D)
6 creatures vanquished.

Grand Total: 533 creatures vanquished

Notes
Turn   | Place    | Note
-------+----------+-------------------------------------------
     0 | D        | mhtbhm the Human Berserker began the quest for the Orb.
     0 | D        | Reached XP level 1. HP: 18/18 MP: 1/1
    11 | D        | Reached ** piety under Trog
   107 | D        | Noticed a hound
   107 | D        | Noticed a scorpion
   117 | D        | Reached XP level 2. HP: 25/25 MP: 2/2
   127 | D        | Killed a scorpion
   127 | D        | Reached *** piety under Trog
   128 | D        | Reached skill level 5 in Fighting
   128 | D        | Reached skill level 5 in Polearms
   128 | D        | Reached XP level 3. HP: 30/34 MP: 3/3
   128 | D        | Reached XP level 4. HP: 35/40 MP: 4/4
   135 | D        | Reached XP level 5. HP: 21/47 MP: 5/5
   178 | D        | Found a snail-covered altar of Cheibriados.
   178 | D        | Found a shadowy altar of Dithmenos.
   178 | D        | Found a white marble altar of Elyvilon.
   178 | D        | Found a blossoming altar of Fedhas.
   178 | D        | Found an opulent altar of Gozag.
   179 | D        | Found a hazy altar of Hepliaklqana.
   180 | D        | Found a viscous altar of Jiyva.
   181 | D        | Found an ancient bone altar of Kikubaaqudgha.
   182 | D        | Found a corrupted altar of Lugonu.
   183 | D        | Found a burning altar of Makhleb.
   184 | D        | Found a sparkling altar of Nemelex Xobeh.
   185 | D        | Found an iron altar of Okawaru.
   186 | D        | Found a stormy altar of Qazlal.
   187 | D        | Found a sacrificial altar of Ru.
   188 | D        | Found a shimmering blue altar of Sif Muna.
   189 | D        | Found a bloodstained altar of Trog.
   190 | D        | Found a hide-covered altar of Uskayaw.
   191 | D        | Found a radiant altar of Vehumet.
   192 | D        | Found an ornate altar of the Wu Jian Council.
   193 | D        | Found a shimmering altar of Xom.
   194 | D        | Found a basalt altar of Yredelemnul.
   195 | D        | Found a glowing silver altar of Zin.
   196 | D        | Found a glowing golden altar of the Shining One.
   336 | D        | Noticed a centaur
   336 | D        | Noticed a yak
   336 | D        | Noticed a yak
   336 | D        | Noticed a yak
   339 | D        | Killed a yak
   339 | D        | Reached **** piety under Trog
   340 | D        | Reached XP level 6. HP: 56/56 MP: 6/6
   344 | D        | Reached skill level 5 in Dodging
   348 | D        | Killed a yak
   349 | D        | Reached XP level 7. HP: 64/64 MP: 7/7
   351 | D        | Killed a yak
   352 | D        | Reached skill level 10 in Fighting
   352 | D        | Reached skill level 10 in Polearms
   360 | D        | Reached ***** piety under Trog
   422 | D        | Noticed a cyclops
   422 | D        | Noticed an acid dragon
   422 | D        | Noticed a red ugly thing
   422 | D        | Noticed a troll
   422 | D        | Noticed a komodo dragon
   433 | D        | Killed a komodo dragon
   434 | D        | Reached XP level 8. HP: 74/74 MP: 8/8
   436 | D        | Killed a troll
   437 | D        | Reached skill level 5 in Armour
   444 | D        | Killed a red ugly thing
   445 | D        | Reached XP level 9. HP: 82/82 MP: 9/9
   445 | D        | Killed an unseen horror
   452 | D        | Killed a cyclops
   452 | D        | Received a gift from Trog
   639 | D        | Noticed a cane toad
   639 | D        | Noticed a polar bear
   639 | D        | Noticed a komodo dragon
   639 | D        | Noticed a black mamba
   644 | D        | Reached skill level 15 in Polearms
   646 | D        | Noticed a komodo dragon
   647 | D        | Killed a black mamba
   648 | D        | Reached XP level 10. HP: 91/91 MP: 10/10
   650 | D        | Noticed a cane toad
   657 | D        | Killed a komodo dragon
   666 | D        | HP: 2/92 [poisoned by a cane toad]
   670 | D        | Killed a cane toad
   671 | D        | Killed a komodo dragon
   672 | D        | Reached skill level 1 in Stealth
   672 | D        | Killed a cane toad
   991 | D        | Noticed a komodo dragon
   991 | D        | Noticed a komodo dragon
   996 | D        | Received a gift from Trog
  1001 | D        | Killed a komodo dragon
  1006 | D        | Killed a komodo dragon
  1015 | D        | Reached XP level 11. HP: 100/100 MP: 11/11
  1087 | D        | Reached ****** piety under Trog
  1087 | D        | Received a gift from Trog
  1202 | D        | Noticed Urug
  1218 | D        | Killed Urug
  1497 | D        | Received a gift from Trog
  1602 | D        | Noticed an orc knight
  1608 | D        | Received a gift from Trog
  1609 | D        | Noticed an orc knight
  1614 | D        | Killed an orc knight
  1619 | D        | Noticed an orc knight
  1628 | D        | Killed an orc knight
  1630 | D        | Reached skill level 15 in Fighting
  1632 | D        | Killed an orc knight
  1842 | D        | Found Taki's Magic Scroll Boutique.
  1842 | D        | Noticed an orc sorcerer
  1842 | D        | Noticed an orc sorcerer
  1847 | D        | Killed an orc sorcerer
  1847 | D        | Received a gift from Trog
  1851 | D        | Killed an orc sorcerer
  1854 | D        | Found Vougy's Antique Armour Shop.
  1854 | D        | Noticed an orc sorcerer
  1859 | D        | Identified the +8 glaive of Juof {vorpal, rC+ Dex+5} (Trog
                  | gifted it to you in the Dungeon)
  1859 | D        | Received a gift from Trog
  1867 | D        | Killed an orc sorcerer
  1868 | D        | Reached skill level 10 in Armour
  1876 | D        | Received a gift from Trog
  2008 | D        | Found Fiffan's Armour Boutique.
  2014 | D        | Found Seke's Antique Armour Shop.
  2017 | D        | Noticed an orc sorcerer
  2019 | D        | Noticed a soul eater
  2019 | D        | Noticed an orc sorcerer
  2027 | D        | Paralysed by an orc sorcerer for 7 turns
  2028 | D        | Noticed a sixfirhy
  2034 | D        | Killed an orc sorcerer
  2037 | D        | Killed an orc sorcerer
  2038 | D        | Reached XP level 12. HP: 110/110 MP: 12/12
  2039 | D        | Received a gift from Trog
  2100 | D        | Bought the +11 scale mail of Purpose {Rampage Str+3} for
                  | 723 gold pieces
  2109 | D        | Bought a scroll of acquirement for 676 gold pieces
  2109 | D        | Bought a scroll of blinking for 97 gold pieces
  2109 | D        | Bought a scroll of enchant weapon for 97 gold pieces
  2111 | D        | Bought a glowing hat for 133 gold pieces
  2113 | D        | Bought 2 scrolls of identify for 52 gold pieces
  2113 | D        | Bought a scroll of immolation for 45 gold pieces
  2114 | D        | Acquired the +2 pair of gloves "Ruroru" {Fly Regen+ Dex-2
                  | Stlth-}
  2179 | D        | Noticed Psyche
  2182 | D        | Killed Psyche
  2186 | D        | Noticed Erica
  2186 | D        | Noticed Josephine
  2194 | D        | Killed Josephine
  2204 | D        | Killed Erica
  2204 | D        | Received a gift from Trog
  2398 | D        | Noticed a fire giant
  2404 | D        | Killed a fire giant
  2404 | D        | Received a gift from Trog
  2409 | D        | Noticed a death knight
  2416 | D        | Killed a death knight
  2430 | D        | Noticed a stone giant
  2473 | D        | Noticed a deep troll shaman
  2479 | D        | Killed a stone giant
  2482 | D        | Killed a deep troll shaman
  2502 | D        | Noticed a stone giant
  2508 | D        | Killed a stone giant
  2509 | D        | Reached XP level 13. HP: 121/121 MP: 13/13
  2511 | D        | Noticed a great orb of eyes
  2519 | D        | Killed a great orb of eyes
  2521 | D        | Noticed a lich
  2529 | D        | Killed a lich
  2529 | D        | Received a gift from Trog
  2558 | D        | Noticed Azrael
  2569 | D        | Killed Azrael
  2575 | D        | Received a gift from Trog
  2581 | D        | Noticed Erolcha
  2590 | D        | Killed Erolcha
  2609 | D        | Noticed Nergalle
  2623 | D        | Killed Nergalle
  2794 | D        | Noticed a ghost crab
  2794 | D        | Noticed an eleionoma
  2810 | D        | Killed an eleionoma
  2814 | D        | Received a gift from Trog
  2827 | D        | Killed a ghost crab
  2893 | D        | Noticed a broodmother
  2909 | D        | Killed a broodmother
  2909 | D        | Identified the +11 demon trident "Rudghent" {vorpal, rCorr
                  | Str+4} (Trog gifted it to you in the Dungeon)
  2909 | D        | Received a gift from Trog
  2973 | D        | Received a gift from Trog
  2993 | D        | Reached XP level 14. HP: 101/135 MP: 14/14
  3083 | D        | Received a gift from Trog
  3100 | D        | Received a gift from Trog
  3202 | D        | Noticed Eustachio
  3205 | D        | Killed Eustachio
  3252 | D        | Noticed a frost giant
  3252 | D        | Noticed a cyan very ugly thing
  3252 | D        | Noticed a stone giant
  3253 | D        | Noticed a cyan very ugly thing
  3256 | D        | Killed a stone giant
  3259 | D        | Killed a cyan very ugly thing
  3259 | D        | Received a gift from Trog
  3260 | D        | Reached skill level 10 in Dodging
  3263 | D        | Noticed a fire giant
  3270 | D        | Noticed a shadow dragon
  3276 | D        | Killed a frost giant
  3281 | D        | Killed a cyan very ugly thing
  3281 | D        | Received a gift from Trog
  3286 | D        | Killed a fire giant
  3292 | D        | Killed a shadow dragon
  3296 | D        | Noticed a green very ugly thing
  3298 | D        | Noticed a red very ugly thing
  3313 | D        | Killed a red very ugly thing
  3313 | D        | Received a gift from Trog
  3313 | D        | Found the +5 scythe "Finisher" {speed, eviscerate}
  3318 | D        | Killed a brown very ugly thing
  3399 | D        | Noticed an ironbound thunderhulk
  3401 | D        | Received a gift from Trog
  3411 | D        | Killed an ironbound thunderhulk
  3412 | D        | Reached skill level 27 in Polearms
  3414 | D        | Noticed an ironbound preserver
  3420 | D        | Received a gift from Trog
  3421 | D        | Reached XP level 15. HP: 150/150 MP: 15/15
  3422 | D        | Noticed a vault warden
  3427 | D        | Noticed a white draconian stormcaller
  3431 | D        | Noticed a vault warden
  3435 | D        | Killed a white draconian stormcaller
  3440 | D        | Received a gift from Trog
  3440 | D        | Killed an ironbound preserver
  3452 | D        | Killed a vault warden
  3457 | D        | Noticed an ironbound preserver
  3473 | D        | Killed a vault warden
  3473 | D        | Received a gift from Trog
  3480 | D        | HP: 3/153 [ironbound convoker (7)]
  3493 | D        | Killed an ironbound preserver
  3493 | D        | Received a gift from Trog
  3511 | D        | Received a gift from Trog
  3589 | D        | Noticed Aizul
  3596 | D        | Noticed Margery
  3597 | D        | Killed Aizul
  3609 | D        | Received a gift from Trog
  3617 | D        | Killed Margery
  3618 | D        | Reached skill level 15 in Armour
  3631 | D        | Received a gift from Trog
  3998 | D        | Noticed Boris
  4013 | D        | Killed Boris
  4065 | D        | Noticed Xtahua
  4070 | D        | Paralysed by Xtahua for 7 turns
  4497 | D        | Killed Xtahua
  4613 | D        | Killed a ghost moth
  4614 | D        | Reached skill level 27 in Fighting
  4619 | D        | Reached skill level 5 in Stealth
  4621 | D        | Received a gift from Trog
  4627 | D        | Killed a ghost moth
  4628 | D        | Noticed an emperor scorpion
  4632 | D        | Killed a ghost moth
  4644 | D        | Killed an emperor scorpion
  4647 | D        | Noticed a ghost moth
  4779 | D        | Killed a ghost moth
  4780 | D        | Reached XP level 16. HP: 123/167 MP: 0/16
  4882 | D        | Noticed an emperor scorpion
  4883 | D        | Noticed a ghost moth
  4893 | D        | Killed an emperor scorpion
  4893 | D        | Received a gift from Trog
  4899 | D        | Killed a ghost moth
  4902 | D        | Got a gossamer rune of Zot
  4955 | D        | Noticed Ilsuiw
  4967 | D        | Identified the +6 halberd of Zippicel {flame, rElec rC-
                  | Stlth+} (Trog gifted it to you in the Dungeon)
  4967 | D        | Received a gift from Trog
  4981 | D        | Killed Ilsuiw
  4998 | D        | Received a gift from Trog
  5020 | D        | Got a barnacled rune of Zot
  5069 | D        | Noticed a nagaraja
  5069 | D        | Noticed a nagaraja
  5069 | D        | Noticed a nagaraja
  5072 | D        | Noticed a nagaraja
  5080 | D        | Killed a nagaraja
  5084 | D        | Received a gift from Trog
  5091 | D        | Killed a nagaraja
  5092 | D        | Noticed a nagaraja
  5095 | D        | Killed a nagaraja
  5095 | D        | Received a gift from Trog
  5100 | D        | Killed a nagaraja
  5101 | D        | Noticed a nagaraja
  5103 | D        | Noticed a nagaraja
  5106 | D        | Killed a nagaraja
  5107 | D        | Noticed a nagaraja
  5108 | D        | Noticed a nagaraja
  5108 | D        | Noticed a nagaraja
  5113 | D        | Killed a nagaraja
  5121 | D        | Killed a nagaraja
  5121 | D        | Received a gift from Trog
  5132 | D        | Killed a nagaraja
  5136 | D        | Killed a nagaraja
  5145 | D        | Killed a nagaraja
  5297 | D        | Got a serpentine rune of Zot
  5314 | D        | Received a gift from Trog
  5314 | D        | Found the +8 glaive of the Guard {elec, spectral, AC+5}
  5336 | D        | Reached skill level 1 in Evocations
  5341 | D        | Received a gift from Trog
  5393 | D        | Got a decaying rune of Zot
  5506 | D        | Noticed a tengu reaver
  5513 | D        | Killed a tengu reaver
  5543 | D        | Noticed a tengu reaver
  5543 | D        | Noticed Sojobo
  5550 | D        | Killed a tengu reaver
  5550 | D        | Received a gift from Trog
  5559 | D        | Killed Sojobo
  5560 | D        | Reached XP level 17. HP: 174/174 MP: 17/17
  5560 | D        | Noticed Mennas
  5673 | D        | Killed Mennas
  5674 | D        | Reached skill level 27 in Armour
  5701 | D        | Noticed Donald
  5709 | D        | Killed Donald
  5709 | D        | Received a gift from Trog
  5710 | D        | Reached skill level 5 in Evocations
  5801 | D        | Received a gift from Trog
  5808 | D        | Reached skill level 15 in Dodging
  5829 | D        | Reached skill level 10 in Stealth
  5837 | D        | Received a gift from Trog
  5882 | D        | Reached skill level 10 in Evocations
  5883 | D        | Received a gift from Trog
  5903 | D        | Noticed an ancient lich
  5911 | D        | Received a gift from Trog
  5923 | D        | Killed an ancient lich
  5924 | D        | Reached skill level 15 in Stealth
  5935 | D        | Noticed a shadow dragon
  5941 | D        | Noticed a shadow dragon
  5944 | D        | Received a gift from Trog
  5950 | D        | Killed a shadow dragon
  5956 | D        | Killed a shadow dragon
  5958 | D        | Noticed an Orb Guardian
  5958 | D        | Noticed an Orb Guardian
  5958 | D        | Noticed a royal mummy
  5958 | D        | Noticed a tentacled monstrosity
  5963 | D        | Killed a tentacled monstrosity
  5963 | D        | Received a gift from Trog
  5968 | D        | Killed a royal mummy
  5988 | D        | HP: 8/174 [Orb Guardian (13)]
  6041 | D        | Killed an Orb Guardian
  6044 | D        | Killed an Orb Guardian
  6045 | D        | Reached XP level 18. HP: 52/182 MP: 18/18
  6308 | D        | Received a gift from Trog
  6404 | D        | Identified the +3 quarterstaff of Lust {venom, rElec rC++}
  6422 | D        | Received a gift from Trog
  6431 | D        | Noticed a golden dragon
  6431 | D        | Noticed a golden dragon
  6436 | D        | Noticed an ancient lich
  6439 | D        | Killed a golden dragon
  6446 | D        | Killed a golden dragon
  6461 | D        | Killed an ancient lich
  6467 | D        | Received a gift from Trog
  6648 | D        | Got a silver rune of Zot
  6683 | D        | Noticed Jory
  6691 | D        | Killed Jory
  6732 | D        | Noticed Mara
  6743 | D        | Killed Mara
  6743 | D        | Received a gift from Trog
  6744 | D        | Reached skill level 15 in Evocations
  6802 | D        | Got the amulet "Osan Kyo" {Reflect rPois rF+ rC+ SH+5}
  6806 | D        | Got the amulet "Gyesseit" {RegenMP rF- Int+5 Dex+3 Stlth+}
  6807 | D        | Found the +7 mace of Variability {chain chaos}
  6808 | D        | Got the ring "Diechoap" {Fire rPois rCorr Dex-3}
  6810 | D        | Got the ring "Yxeduc" {Fly SInv Stlth+}
  6952 | D        | Noticed Agnes
  6960 | D        | Killed Agnes
  6983 | D        | Noticed Rupert
  6989 | D        | Killed Rupert
  7011 | D        | Reached skill level 27 in Stealth
  7030 | D        | Received a gift from Trog
  7110 | D        | Noticed a bone dragon
  7115 | D        | Reached skill level 1 in Long Blades
  7115 | D        | Reached skill level 1 in Throwing
  7115 | D        | Reached skill level 1 in Shields
  7123 | D        | Received a gift from Trog
  7129 | D        | Killed a bone dragon
  7130 | D        | Reached skill level 5 in Throwing
  7143 | D        | Reached skill level 5 in Long Blades
  7143 | D        | Reached skill level 5 in Shields
  7148 | D        | Received a gift from Trog
  7181 | D        | Noticed a tentacled monstrosity
  7190 | D        | Killed a tentacled monstrosity
  7199 | D        | Received a gift from Trog
  7203 | D        | Reached skill level 10 in Throwing
  7273 | D        | Noticed a tentacled monstrosity
  7273 | D        | Noticed a quicksilver dragon
  7273 | D        | Noticed a tentacled monstrosity
  7281 | D        | Killed a tentacled monstrosity
  7282 | D        | Reached XP level 19. HP: 189/189 MP: 19/19
  7291 | D        | Killed a tentacled monstrosity
  7291 | D        | Received a gift from Trog
  7364 | D        | Received a gift from Trog
  7373 | D        | Reached skill level 10 in Long Blades
  7376 | D        | Received a gift from Trog
  7380 | D        | Reached skill level 10 in Shields
  7420 | D        | Noticed a tentacled monstrosity
  7424 | D        | Killed a tentacled monstrosity
  7425 | D        | Noticed a tentacled monstrosity
  7430 | D        | Killed a tentacled monstrosity
  7438 | D        | Received a gift from Trog
  7439 | D        | Reached skill level 15 in Throwing
  7657 | D        | Noticed an Orb Guardian
  7657 | D        | Noticed an Orb Guardian
  7657 | D        | Noticed an Orb Guardian
  7657 | D        | Noticed an Orb Guardian
  7657 | D        | Noticed an Orb Guardian
  7657 | D        | Noticed an Orb Guardian
  7660 | D        | Killed an Orb Guardian
  7662 | D        | Noticed an Orb Guardian
  7663 | D        | Killed an Orb Guardian
  7666 | D        | Killed an Orb Guardian
  7670 | D        | Killed an Orb Guardian
  7670 | D        | Received a gift from Trog
  7675 | D        | Killed an Orb Guardian
  7678 | D        | Killed an Orb Guardian
  7681 | D        | Killed an Orb Guardian
  7741 | D        | Noticed an Orb Guardian
  7742 | D        | Noticed an Orb Guardian
  7742 | D        | Noticed an Orb Guardian
  7744 | D        | Killed an Orb Guardian
  7745 | D        | Killed an Orb Guardian
  7750 | D        | Killed an Orb Guardian
  7762 | D        | Noticed a tentacled monstrosity
  7762 | D        | Noticed an Orb Guardian
  7762 | D        | Noticed an Orb Guardian
  7763 | D        | Noticed an Orb Guardian
  7770 | D        | Killed an Orb Guardian
  7771 | D        | Noticed an Orb Guardian
  7772 | D        | Killed an Orb Guardian
  7776 | D        | Received a gift from Trog
  7779 | D        | Killed a tentacled monstrosity
  7785 | D        | Killed an Orb Guardian
  7788 | D        | Killed an Orb Guardian
  7848 | D        | Noticed an ancient lich
  7855 | D        | Killed an ancient lich
  7856 | D        | Reached skill level 15 in Long Blades
  7901 | D        | Noticed an orb of fire
  7905 | D        | Killed an orb of fire
  7906 | D        | Reached skill level 15 in Shields
  7957 | D        | Noticed an electric golem
  7966 | D        | Killed an electric golem
  7966 | D        | Received a gift from Trog
  7999 | D        | Noticed an ancient lich
  7999 | D        | Noticed an electric golem
  7999 | D        | Noticed a golden dragon
  8003 | D        | Noticed an orb of fire
  8004 | D        | Killed a golden dragon
  8005 | D        | Reached XP level 20. HP: 197/197 MP: 20/20
  8006 | D        | Noticed an orb of fire
  8015 | D        | Killed an electric golem
  8024 | D        | Killed an ancient lich
  8031 | D        | Gained mutation: Armour fits poorly on your strangely
                  | shaped body. [an orb of fire]
  8126 | D        | Noticed an orb of fire
  8129 | D        | Killed an orb of fire
  8136 | D        | Killed an orb of fire
  8147 | D        | Killed an orb of fire
  8147 | D        | Received a gift from Trog
  8320 | D        | Received a gift from Trog
  8440 | D        | Received a gift from Trog
  8561 | D        | Noticed an ancient lich
  8561 | D        | Noticed an ancient lich
  8571 | D        | Killed an ancient lich
  8571 | D        | Received a gift from Trog
  8574 | D        | Killed an ancient lich
  8581 | D        | Noticed an ancient lich
  8584 | D        | Received a gift from Trog
  8593 | D        | Killed an ancient lich
  8594 | D        | Received a gift from Trog
  8654 | D        | Received a gift from Trog
  8811 | D        | Received a gift from Trog
  8814 | D        | Reached XP level 21. HP: 204/204 MP: 21/21
  8831 | D        | Received a gift from Trog
  8842 | D        | Received a gift from Trog
  8852 | D        | Received a gift from Trog
  8860 | D        | Got an elven rune of Zot
  8973 | D        | Noticed the Royal Jelly
  8976 | D        | Received a gift from Trog
  8982 | D        | Killed the Royal Jelly
  9000 | D        | Received a gift from Trog
  9059 | D        | Paralysed by a floating eye for 4 turns
  9074 | D        | Got a slimy rune of Zot
  9174 | D        | Received a gift from Trog
  9175 | D        | Received a gift from Trog
  9176 | D        | Reached skill level 27 in Dodging
  9184 | D        | Received a gift from Trog
  9196 | D        | Received a gift from Trog
  9355 | D        | Received a gift from Trog
  9562 | D        | Noticed a royal mummy
  9565 | D        | Killed a royal mummy
  9565 | D        | Received a gift from Trog
 10002 | D        | Noticed a royal mummy
 10002 | D        | Noticed a royal mummy
 10002 | D        | Noticed a royal mummy
 10005 | D        | Identified the +1 long sword of Joxzik {vorpal, *Corrode
                  | rF+ Will+ Str+6} (Trog gifted it to you in the Dungeon)
 10005 | D        | Received a gift from Trog
 10006 | D        | Killed a royal mummy
 10007 | D        | Reached skill level 27 in Shields
 10007 | D        | Killed a royal mummy
 10007 | D        | Received a gift from Trog
 10009 | D        | Killed a royal mummy
 10253 | D        | Got a golden rune of Zot
 10260 | D        | Reached skill level 27 in Throwing
 10260 | D        | Received a gift from Trog
 10296 | D        | Got an abyssal rune of Zot
 10425 | D        | Noticed Geryon
 10437 | D        | Killed Geryon
 10437 | D        | Received a gift from Trog
 10440 | D        | Found the +7 sceptre of Asmodeus
 10440 | D        | Noticed Asmodeus
 10440 | D        | Noticed Mnoleg
 10440 | D        | Noticed Gloorx Vloq
 10465 | D        | Killed Mnoleg
 10466 | D        | Reached XP level 22. HP: 69/212 MP: 22/22
 10471 | D        | HP: 4/212 [hellion/damnation[Asmodeus] (36)]
 10473 | D        | Killed from afar by a hellion

Illustrated notes

Levels and vault maps discovered:
D:        linesprint [early_d, line_temple, items_1, d_10, items_2, lair_1,
          lair_end, items_3, orc_1, orc_end, items_4, d_15, swamp_1, shoals_1,
          snake_1, spider_1, d_20, vaults_1, items_5, swamp_end, shoals_end,
          snake_end, spider_end, vaults_end, d_27, items_6, zot_1, zot_end,
          crypt_end, forest_end, elf_end, slime_end, tomb_end, abyss_end,
          pan_hell_end]

Skill      XL: |  1  2  3  4  5  6  7  8  9 10 11 12 13 14 15 16 17 18 19 20 21 |
---------------+----------------------------------------------------------------+-----
Fighting       | 4 5 6 8 9 10 11 12 14 15 17 20 23 27 | 27.0
Polearms       | 4 5 6 8 9 11 13 15 18 20 22 24 27 | 27.0
Dodging        | 3 4 5 6 7 8 9 10 12 13 16 17 22 25 27 | 27.0
Armour         | 3 4 5 6 8 10 11 12 13 17 26 27 | 27.0
Stealth        | 1 2 3 4 5 20 27 | 27.0
Evocations     | 2 13 17 18 19 | 19.2
Long Blades    | 7 16 20 26 | 26.5
Throwing       | 10 18 22 27 | 27.0
Shields        | 7 15 22 27 | 27.0

Action                   |  1- 3 |  4- 6 |  7- 9 | 10-12 | 13-15 | 16-18 | 19-21 | 22-24 || total
-------------------------+-------+-------+-------+-------+-------+-------+-------+-------++-------
Melee: Spear             |    35 |    12 |       |       |       |       |       |       ||    47
       Halberd           |       |    11 |    40 |       |       |       |       |       ||    51
       Glaive            |       |       |     7 |   208 |   457 |   516 |   346 |       ||  1534
       Eudemon blade     |       |       |       |       |       |       |    80 |       ||    80
       Demon trident     |       |       |       |       |       |       |    27 |       ||    27
Throw: Javelin           |       |       |       |       |       |       |    34 |       ||    34
Invok: Berserk           |     1 |     1 |     2 |     8 |    10 |    13 |    11 |       ||    46
       Brothers in Arms  |       |       |       |     2 |     5 |     1 |       |       ||     8
       Trog's Hand       |       |       |       |       |     2 |     2 |       |       ||     4
Evoke: Wand              |       |       |       |       |       |     2 |       |       ||     2
  Use: Potion            |       |       |       |     3 |     6 |     5 |     5 |     1 ||    20
       Scroll            |       |       |       |     2 |     4 |    21 |     2 |       ||    29
 Stab: Distracted        |       |       |       |       |       |     5 |     6 |       ||    11
Armor: Animal skin       |     3 |     6 |       |       |       |       |       |       ||     9
       Chain mail        |       |     4 |    23 |    28 |       |       |       |       ||    55
       Ring mail         |       |       |       |    14 |       |       |       |       ||    14
       Scale mail        |       |       |       |    13 |   129 |       |       |       ||   142
       Gold dragon scale |       |       |       |       |    80 |   243 |   125 |       ||   448
Dodge: Dodged            |    16 |    14 |    20 |    46 |   172 |   160 |    93 |       ||   521
Block: Other             |       |       |       |       |       |    10 |    31 |       ||    41
       Kite shield       |       |       |       |       |       |       |    30 |       ||    30

Table legend: (Time is in decaauts) A = Elapsed time spent in this place. B = Non-inter-level travel time spent in this place. C = Inter-level travel time spent in this place. D = Time resting spent in this place. E = Time spent auto-exploring this place. F = Levels seen in this place. G = Mean time per level. A B C D E F G +--------+--------+--------+--------+--------+-----+--------+ Total | 10197 | 10197 | 0 | 4576 | 1503 | 1 | 10197.0 | Dungeon | 10197 | 10197 | 0 | 4576 | 1503 | 1 | 10197.0 | +--------+--------+--------+--------+--------+-----+--------+

Top non-repeatable levels by time:
       D: 10197 daAuts
